 Dungeon Crawl Stone Soup version 0.32-a0-913-g739538afd8 (webtiles) character file.

Game seed: 2810013322286712909

233 Biggs the Changeling (level 6, -2/38 HPs)
             Began as an Octopode Shapeshifter on Apr 9, 2024.
             Slain by an orc
             ... wielding a +0 short sword
              (5 damage)
             ... on level 4 of the Dungeon.
             The game lasted 00:05:28 (2344 turns).

Biggs the Changeling (Octopode Shapeshifter)        Turns: 2344, Time: 00:05:29

Health: -2/38      AC:  1    Str: 15    XL:     6   Next: 5%
Magic:  6/6        EV: 10    Int: 13    God:
Gold:   1131       SH: 11    Dex: 11    Spells: 5/5 levels left

rFire   + .          .
                       - Unarmed
rCold   . . .        g - +5 Storm Queen's Shield {shock, Fly rElec}
rNeg    . . .        (helmet currently unavailable)
rPois   +            (no amulet)
rElec   +            i - ring of poison resistance
rCorr   .            q - ring of protection from fire
SInv    .            (no ring)
Will    .....        (no ring)
Stlth   ++           (no ring)
HPRegen 0.26/turn    (no ring)
MPRegen 0.10/turn    (no ring)
                     (no ring)

%: no passive effects
@: beast-form, flying
A: beast (slay +3), almost no armour, amphibious, 8 rings, camouflage 1,
gelatinous body 1, (nimble swimmer 1), tentacles
a: Begin Untransformation


You were on level 4 of the Dungeon.
You were a hulking beast.
You visited 1 branch of the dungeon, and saw 4 of its levels.

You collected 1131 gold pieces.

Inventory:

Armour
 g - the +5 Storm Queen's Shield (worn) {shock, Fly rElec}
   (You acquired it on level 3 of the Dungeon)

   Shock:     When it blocks an attack, it may electrocute the attacker.
   This works even against foes who are a short distance away.
   rElec:     It insulates you from electricity.
   Fly:       It grants you flight.
Jewellery
 i - a ring of poison resistance (left tentacle)
 q - a ring of protection from fire (right tentacle)
 s - a ring of willpower
 w - a ring of wizardry
Talismans
 b - a beast talisman (active)
 c - a flux talisman
 f - a dragon-blood talisman
Scrolls
 d - 2 scrolls of enchant armour
 e - 3 scrolls of amnesia
 h - a scroll of butterflies
 k - 2 scrolls of noise {unknown}
 m - 2 scrolls of enchant weapon {unknown}
 n - a scroll of teleportation {unknown}
 o - a scroll of brand weapon {unknown}
 t - a scroll of blinking {unknown}
Potions
 a - 2 potions of lignification
 j - 3 potions of degeneration {unknown}
 l - a potion of invisibility {unknown}
 p - a potion of haste {unknown}
 r - 2 potions of heal wounds {unknown}
 u - a potion of might {unknown}
 v - a potion of enlightenment {unknown}


   Skills:
 - Level 1.0 Fighting
 - Level 2.0 Dodging
 - Level 3.0 Unarmed Combat
 + Level 6.1 Shapeshifting


You had 5 spell levels left.
You didn't know any spells.
Your spell library contained the following spells:

 Spells                   Type           Power      Damage    Failure   Level
 Call Imp                 Summ           0%         N/A       86%         2
 Sublimation of Blood     Necr           0%         N/A       86%         2
 Frozen Ramparts          Ice            0%         1d1       98%         3
 Ozocubu's Armour         Ice            0%         N/A       98%         3
 Stone Arrow              Conj/Erth      0%         3d7       98%         3
 Ignite Poison            Fire/Alch      0%         N/A       100%        4
 Leda's Liquefaction      Alch/Erth      0%         N/A       100%        4
 Olgreb's Toxic Radiance  Alch           0%         N/A       100%        4
 Metabolic Englaciation   Hex/Ice        0%         N/A       100%        5
 Summon Hydra             Summ           0%         N/A       100%        7


Dungeon Overview and Level Annotations

Branches:
Dungeon (4/15)
 Temple: D:4-7

Altars:
Ashenzari
Qazlal
Ru


Innate Abilities, Weirdness & Mutations

You are a hulking beast.
Your limbs bulge with bestial killing power. (Slay +3)
You cannot wear most types of armour.
You are amphibious.
You can wear up to eight rings at the same time.
Your skin changes colour to match your surroundings (Stealth+).
Your rubbery body absorbs attacks. (AC +1, EV +1)
((You are camouflaged when in or above water. (Stealth+)))
You have tentacles for arms and can constrict up to eight enemies at once.


Message History

The orc hits you with a +0 short sword. The orc wizard closely misses you.
Unknown command.
You closely miss the orc wizard. Your grab misses the orc wizard.
You squeeze the orc wizard!
The orc wizard is severely wounded.
The orc wizard hits you with a +0 dagger.
You tentacle-slap the orc wizard but do no damage.
You grab the orc wizard.
You squeeze the orc wizard, but do no damage.
The orc wizard is severely wounded.
You constrict the orc wizard.
The orc wizard hits you with a +0 dagger.
The orc wizard barely misses you. x2
The orc wizard hits you with a +0 dagger.
You tentacle-slap the orc wizard.
You kill the orc wizard!
You block the orc wizard's attack.
Your shield discharges, shocking the orc wizard!
Something hits you.
* * * LOW HITPOINT WARNING * * *
Unknown command.
You tentacle-slap the orc but do no damage.
Your grab misses the orc. The orc barely misses you.
The orc wizard hits you with a +0 dagger.
* * * LOW HITPOINT WARNING * * *
Something hits you.
* * * LOW HITPOINT WARNING * * *
Unknown command.
You tentacle-slap the orc wizard.
You kill the orc wizard!
Something hits you.
* * * LOW HITPOINT WARNING * * *
The orc misses you.
Your Shapeshifting skill increases to level 6!
You have reached level 6!
You tentacle-slap the orc but do no damage.
Your grab misses the orc. You block something's attack.
Your shield discharges, shocking something!
The orc hits you with a +0 short sword.
You die...

##. ### .# #..
...#.. .#
....##.....##.##
...#...# .....#
#.....###...#
.##......##..#
.............###
#.....{).....#
..#.....ho....##
........#).....####
##.....##)..#.....##
#...... ##.###.....#
#.....# #.#.......#
#..##. #.....#..##
... #....##...#####
#. ...........# .
#.......<#


You could see an orc.

Vanquished Creatures
  A phantom (D:4)
  Terence (D:2)
  2 orc wizards (D:4)
  2 adders (D:2)
  A dart slug (D:2)
  3 ribbon worms
  3 orcs
  A ball python (D:2)
  5 endoplasms
  4 giant cockroaches
  3 goblins (D:2)
  5 hobgoblins
  3 jackals (D:2)
  5 quokkas
  6 bats
  7 frilled lizards
  6 kobolds
  5 rats
63 creatures vanquished.

Notes
Turn   | Place    | Note
-------+----------+-------------------------------------------
     0 | D:1      | Biggs the Octopode Shapeshifter began the quest for the
                  | Orb.
     0 | D:1      | Reached XP level 1. HP: 13/13 MP: 1/1
   211 | D:1      | Found a faded altar of an unknown god.
   245 | D:1      | Reached XP level 2. HP: 18/18 MP: 2/2
   743 | D:2      | Reached skill level 4 in Shapeshifting
   743 | D:2      | Reached XP level 3. HP: 23/23 MP: 3/3
   814 | D:2      | Noticed Terence
   821 | D:2      | Killed Terence
   822 | D:2      | Reached XP level 4. HP: 28/28 MP: 4/4
  1368 | D:2      | Reached skill level 5 in Shapeshifting
  1596 | D:3      | Got the Excursus on Petrified Chemistry
  1621 | D:3      | Found a stormy altar of Qazlal.
  1768 | D:3      | Found a sacrificial altar of Ru.
  1786 | D:3      | Found a broken altar of Ashenzari.
  2145 | D:3      | Reached XP level 5. HP: 18/33 MP: 5/5
  2289 | D:4      | Identified 3 scrolls of acquirement
  2293 | D:3      | Acquired a dragon-blood talisman
  2295 | D:3      | Acquired 996 gold pieces
  2297 | D:3      | Acquired the +5 Storm Queen's Shield {shock, Fly rElec}
  2297 | D:3      | Found the +5 Storm Queen's Shield {shock, Fly rElec}
  2319 | D:4      | Noticed a phantom
  2335 | D:4      | Killed a phantom
  2344 | D:4      | Reached skill level 6 in Shapeshifting
  2344 | D:4      | Reached XP level 6. HP: 3/38 MP: 6/6
  2344 | D:4      | Slain by an orc

Illustrated notes

Levels and vault maps discovered:
D:1:      minmay_arrival_three_doors, layout_basic,
          hellmonk_ecumenical_altar_zigzags
D:2:      layout_basic, minmay_misc_feat_nine_boxes, uniq_terence
D:3:      layout_loops_cross, mainiacjoe_overflow_small_starburst,
          mainiacjoe_overflow_catwalk_spiral, kennysheep_another_room
D:4:      layout_cave_pools, nicolae_zig_zag_zippers

Skill      XL: |  1  2  3  4  5 |
---------------+----------------+-----
Shapeshifting  | 4 5 6 |  6.1
Fighting       | |  1.0
Dodging        | |  2.0
Unarmed Combat | |  3.0

Action                     |  1- 3 |  4- 6 || total
---------------------------+-------+-------++-------
  Melee: Unarmed           |    45 |    68 ||   113
         Tentacles         |    11 |    12 ||    23
         Constrict         |    15 |    15 ||    30
         Punch             |       |     1 ||     1
    Use: Scroll            |       |     7 ||     7
   Stab: Sleeping          |     4 |     3 ||     7
 Armour: Skin              |    10 |    36 ||    46
  Dodge: Dodged            |    28 |    32 ||    60
  Block: Kite shield       |       |    13 ||    13

Table legend: (Time is in decaauts)
 A = Elapsed time spent in this place.
 B = Non-inter-level travel time spent in this place.
 C = Inter-level travel time spent in this place.
 D = Time resting spent in this place.
 E = Time spent auto-exploring this place.
 F = Levels seen in this place.
 G = Mean time per level.
                   A        B        C        D        E       F      G
               +--------+--------+--------+--------+--------+-----+--------+
         Total |   2339 |   2290 |     49 |      0 |   1890 |   4 |  584.8 |
       Dungeon |   2339 |   2290 |     49 |      0 |   1890 |   4 |  584.8 |
               +--------+--------+--------+--------+--------+-----+--------+

Top non-repeatable levels by time:
     D:3: 804 daAuts
     D:2: 768 daAuts
     D:1: 719 daAuts
     D:4: 47 daAuts
